 Dungeon Crawl Stone Soup version 0.28-a0-305-g9e858e973b (webtiles) character file.

Game seed: 1941115722583903398

59 Shayle the Insei (level 4, -9/33 HPs)
             Began as a Djinni Warper on Aug 30, 2021.
             Killed by divine providence
             ... invoked by an orc priest
              (11 damage)
             ... on level 4 of the Dungeon.
             The game lasted 00:05:14 (2344 turns).

Shayle the Insei (Djinni Warper)                    Turns: 2344, Time: 00:05:15

Health: -9/33      AC:  3    Str: 10    XL:     4   Next: 22%
Gold:   66         EV: 11    Int: 15    God:
                   SH:  0    Dex: 13

rFire   + + .      SeeInvis .     - Unarmed
rCold   x . .      Faith    .   (no shield)
rNeg    . . .      Spirit   .   a - +0 leather armour
rPois   ∞          Reflect  .   (no helmet)
rElec   .          Harm     .   (no cloak)
rCorr   .          Rampage  .   (no gloves)
Will    .....                   (boots unavailable)
Stlth   +.........              (no amulet)
HPRegen 0.11/turn               (no ring)
MPRegen 0.00/turn               (no ring)

@: flying, very slightly contaminated
A: sickness immunity, fire resistance 2, cold vulnerability 1, float, innate
caster, hp casting, extra vitality 1
a: no special abilities


You were on level 4 of the Dungeon.
You visited 1 branch of the dungeon, and saw 3 of its levels.

You collected 66 gold pieces.

Inventory:

Missiles
 c - 9 boomerangs of dispersal (quivered)
Armour
 a - a +0 leather armour (worn)


   Skills:
 - Level 2.0 Fighting
 - Level 0.7 Throwing
 - Level 1.0 Armour
 - Level 2.1 Dodging
 + Level 4.2 Unarmed Combat
 - Level 2.4 Spellcasting


You couldn't memorise any spells.
You knew the following spells:

 Your Spells              Type           Power      Damage    Failure   Level
a - Blink                 Tloc           N/A        N/A       16%         2
b - Lesser Beckoning      Tloc           9%         N/A       32%         3
c - Gell's Gravitas       Tloc           4%         N/A       32%         3
d - Teleport Other        Tloc           9%         N/A       32%         3
e - Manifold Assault      Tloc           9%         N/A       96%         5
f - Shock                 Conj/Air       36%        1d5       11%         1
Your spell library was empty.

Dungeon Overview and Level Annotations

Branches:
Dungeon (2/15)

Altars:
Beogh

Annotations:
D:2 Sigmund


Innate Abilities, Weirdness & Mutations

You are immune to sickness and miasma.
You are immune to poison.
Your flesh is very heat resistant. (rF++)
You are vulnerable to cold. (rC-)
You float through the air rather than walking.
You learn spells naturally, not from books.
Your magical power is your life essence.
You have superior vitality. (+4 HP)


Message History

Beogh smites you! The orc hits you but does no damage.
Okay, then.
A ball python comes into view.
Found 83 stones.
The ball python hisses angrily.
The ball python bites you but does no damage.
The ball python grabs you. The ball python constricts you.
You see here a +0 club.
Blink to where?
Press: ? - help, Dir - move target You escape the ball python's grasp.
As you read the scroll of blinking, it crumbles to dust.
The centaur skeleton closely misses you.
The centaur skeleton kicks you but does no damage.
The orc priest miscasts a cantrip.
The centaur skeleton barely misses you.
The centaur skeleton closely misses you.
The orc priest invokes the aid of Beogh against you.
Beogh smites you!
* * * LOW HITPOINT WARNING * * *
The centaur skeleton hits you.
* * * LOW HITPOINT WARNING * * *
The centaur skeleton kicks you.
* * * LOW HITPOINT WARNING * * *
You aren't carrying any potions.
You aren't carrying any scrolls.
Unknown command.
Casting: Shock (safe; 11% risk of failure)
Confirm with . or Enter, or press ? or * to list all spells.
You miscast Blink.
You are very lightly contaminated with residual magic.
Nothing appears to happen.
* * * LOW HITPOINT WARNING * * *
The centaur skeleton closely misses you.
The centaur skeleton kicks you but does no damage.
The centaur skeleton barely misses you. x2
Found a stone staircase leading down.
The orc priest calls down the wrath of Beogh upon you.
Beogh smites you!
You die...

####
##..####################
.(#o.....oo....Z@.....>#
..################.#####
#.# # #.## .(. #.# #o#
).# .(#


You could see an orc priest, an orc and a centaur skeleton.

Vanquished Creatures
  An adder (D:1)
  5 dart slugs
  An orc (D:4)
  5 endoplasms
  2 giant cockroaches (D:1)
  A goblin (D:1)
  3 hobgoblins (D:1)
  4 jackals (D:1)
  2 kobolds (D:1)
  3 quokkas (D:1)
  A ball python (D:1)
  A frilled lizard (D:1)
  8 rats
37 creatures vanquished.

Notes
Turn   | Place    | Note
-------+----------+-------------------------------------------
     0 | D:1      | Shayle the Djinni Warper began the quest for the Orb.
     0 | D:1      | Reached XP level 1. HP: 18/18 MP: 0/0
   150 | D:1      | Reached XP level 2. HP: 11/23 MP: 0/0
   322 | D:1      | Found a faded altar of an unknown god.
   577 | D:1      | Reached skill level 3 in Unarmed Combat
   798 | D:1      | Reached XP level 3. HP: 21/28 MP: 0/0
   798 | D:1      | Learned a level 1 spell: Shock
  1452 | D:2      | Noticed Sigmund
  1850 | D:1      | Reached skill level 4 in Unarmed Combat
  1850 | D:1      | Reached XP level 4. HP: 10/33 MP: 0/0
  2319 | D:2      | You are sucked into a shaft and drop 2 floors!
  2344 | D:4      | Killed from afar by an orc priest

Illustrated notes

Levels and vault maps discovered:
D:1:      dpeg_arrival_court, layout_loops_ring,
          hellmonk_ecumenical_altar_defaced_shrine, minivault_14, st_stairs_5,
          serial_bayou_ford_a
D:2:      layout_basic, minmay_fractal_squares_gapless_5, uniq_sigmund
D:4:      layout_basic, roderic_three_in_a_row, hangedman_feature_mirror,
          st_stairs_12, bh_walls_and_bars, uniq_grinder

Skill      XL: |  1  2  3 |
---------------+----------+-----
Unarmed Combat | 3 4 |  4.2
Fighting       | |  2.0
Throwing       | |  0.7
Armour         | |  1.0
Dodging        | |  2.1
Spellcasting   | |  2.4

Action                   |  1- 3 |  4- 6 || total
-------------------------+-------+-------++-------
Melee: Unarmed           |   111 |    28 ||   139
       Punch             |     5 |       ||     5
 Cast: Shock             |     4 |       ||     4
  Use: Scroll            |       |     1 ||     1
       Potion            |       |     1 ||     1
Armor: Leather armour    |    14 |     9 ||    23
Dodge: Dodged            |    71 |    19 ||    90

Table legend: (Time is in decaauts)
 A = Elapsed time spent in this place.
 B = Non-inter-level travel time spent in this place.
 C = Inter-level travel time spent in this place.
 D = Time resting spent in this place.
 E = Time spent auto-exploring this place.
 F = Levels seen in this place.
 G = Mean time per level.
                   A        B        C        D        E       F      G
               +--------+--------+--------+--------+--------+-----+--------+
         Total |   2351 |   2177 |    174 |    710 |   1073 |   3 |  783.7 |
       Dungeon |   2351 |   2177 |    174 |    710 |   1073 |   3 |  783.7 |
               +--------+--------+--------+--------+--------+-----+--------+

Top non-repeatable levels by time:
     D:1: 2102 daAuts
     D:2: 225 daAuts
     D:4: 24 daAuts
